 Dungeon Crawl Stone Soup version 0.31-a0-152-g6aa68a64a1 (webtiles) character file.

Game seed: 10082111963826100401

6262 qw the Skirmisher (level 10, -3/91 HPs)
             Began as a Minotaur Hunter on June 10, 2023.
             Was a Priest of Okawaru.
             Slain by a white ugly thing (15 damage)
             ... on level 9 of the Dungeon.
             The game lasted 00:03:11 (6624 turns).

qw the Skirmisher (Minotaur Hunter)                 Turns: 6624, Time: 00:03:12

Health: -3/91      AC:  9    Str: 16    XL:     10   Next: 62%
Magic:  11/12      EV: 19    Int:  6    God:    Okawaru [***...]
Gold:   213        SH:  0    Dex: 18    Spells: 9/9 levels left

rFire   + . .        Y - +0 longbow
rCold   + . .        (shield currently unavailable)
rNeg    . . .        i - +2 robe {rF+}
rPois   .            (helmet restricted)
rElec   .            r - +0 cloak
rCorr   .            n - +0 pair of gloves
SInv    .            c - +0 pair of boots
Will    .....        e - amulet of regeneration
Stlth   +++          b - +4 ring of slaying {mikee}
HPRegen 1.15/turn    f - ring of protection from cold
MPRegen 0.13/turn

%: no passive effects
@: about to teleport, heroic
A: horns 2, retaliatory headbutt
a: Renounce Religion, Heroism


You were on level 9 of the Dungeon.
You worshipped Okawaru.
Okawaru was most pleased with you.
You visited 2 branches of the dungeon, and saw 10 of its levels.
You also visited: Ossuary.

You collected 593 gold pieces.
You spent 380 gold pieces at shops.


Innate Abilities, Weirdness & Mutations

You have a pair of horns on your head.
You reflexively headbutt those who attack you in melee.


   Skills:
 - Level 9.0(14.0) Fighting
 + Level 13.8(18.8) Ranged Weapons
 - Level 4.7(9.7) Armour
 - Level 6.0(11.0) Dodging
 - Level 0.7(5.7) Stealth
 - Level 4.0 Invocations


You had 9 spell levels left.
You didn't know any spells.
Your spell library was empty.

Inventory:

Hand Weapons
 Y - a +0 longbow (weapon)
Armour
 c - a +0 pair of boots (worn)
 i - a +2 robe of fire resistance (worn)
 n - a +0 pair of gloves (worn)
 r - a +0 cloak (worn)
Jewellery
 b - a +4 ring of slaying (left hand) {mikee}
 e - an amulet of regeneration (around neck)
 f - a ring of protection from cold (right hand)
Wands
 p - a wand of digging (9)
Scrolls
 j - 4 scrolls of identify
Potions
 a - 5 potions of might
 d - a potion of cancellation
 h - 2 potions of resistance
 k - a potion of curing
 l - a potion of haste

Dungeon Overview and Level Annotations

Branches:
Dungeon (9/15)             Temple (1/1) D:5         Ossuary (visited)
   Lair: D:8-11         Orc: D:9-12

Altars:
Ashenzari
Cheibriados
Dithmenos
Elyvilon
Fedhas
Gozag
Hepliaklqana
Kikubaaqudgha
Nemelex Xobeh
Okawaru
Qazlal
Ru
Sif Muna
Trog
Uskayaw
Vehumet
Wu Jian
Yredelemnul
Zin
The Shining One

Shops:
D:6 =:**

Annotations:
D:7 3 runed translucent doors, qw's ghost, novice GrFi
D:9 exclusion: 16 skeletal warriors


Message History

The manticore barely misses you. x2; The manticore misses you.
You shoot an arrow. The arrow hits the manticore!
The manticore is heavily wounded.
The manticore completely misses you. The manticore barely misses you.
The manticore closely misses you.
You shoot an arrow. The arrow hits the manticore!
The manticore is severely wounded.
The manticore bites you but does no damage.
The manticore closely misses you. The manticore barely misses you.
You shoot an arrow. The arrow hits the manticore!
You kill the manticore!
Okawaru is honoured by your kill.
A white ugly thing comes into view.
You shoot an arrow. The arrow hits the basilisk!!
You kill the basilisk!
Okawaru accepts your kill.
You shoot an arrow. The arrow hits the white ugly thing.
The white ugly thing is lightly wounded.
The white ugly thing pecks you. The white ugly thing freezes you! You resist.
You shoot an arrow. The arrow hits the white ugly thing!
The white ugly thing is lightly wounded.
The white ugly thing closely misses you.
You shoot an arrow. The arrow hits the white ugly thing!!
The white ugly thing is heavily wounded.
You shoot an arrow. The arrow hits the white ugly thing.
The white ugly thing is heavily wounded.
The white ugly thing pecks you. The white ugly thing freezes you! You resist.
You shoot an arrow. The arrow hits the white ugly thing!
The white ugly thing is severely wounded.
A troll comes into view.
The white ugly thing pecks you! The white ugly thing freezes you! You resist.
6623 ||| READING scroll of teleportation.
As you read the scroll of teleportation, it crumbles to dust.
You feel strangely unstable.
The white ugly thing closely misses you.
You furiously retaliate!
You headbutt the white ugly thing. You shoot an arrow.
The arrow hits the white ugly thing!!
The white ugly thing is almost dead.
The white ugly thing pecks you. The white ugly thing freezes you! You resist.
You die...

.......##########<.# #####
.##.#### ##.# ##.## #.## ##...##
#..# #.....# ##.# #.....# ###.##
## ......## #....# #######.
.......##########.##.#####......)
h.h....#....$.Tu@..............##
..o.!.z#.#####'#########'#####.#
.o.....#h# .. ..#..##..# #.#
.......zh# ## #.##.#.#.## #.##
.......oo# #.###..##.. #..#
........(# #.##.##..#.##..#
.......#.+ #.'..###.##.'..#
......##.# #.####.%##..#...
.....###.# #.##.##.#.###.#.


You could see a white ugly thing and a troll.

Vanquished Creatures
  A two-headed ogre (D:9)
  A manticore (D:9)
  Psyche (D:8)
  A meliai (D:9)
  A shadow (D:9)
  4 wyverns
  4 yaks (D:8)
  A basilisk (D:9)
  Menkaure (D:7)
  A water moccasin (D:8)
  2 black bears (D:6)
  2 orc warriors
  An ice beast (D:6)
  A sky beast (D:7)
  2 ogres
  2 centaurs
  A phantom (D:5)
  A gnoll sergeant (D:8)
  A kobold brigand (D:9)
  Blork the orc (D:6)
  3 bullfrogs
  2 water moccasin zombies (D:5)
  7 wights
  6 killer bees (D:8)
  2 jellies
  3 hounds
  2 human zombies (Ossuary)
  3 orc priests
  A sleepcap (D:5)
  3 iguanas
  7 orc wizards
  4 hound zombies
  4 mummies (Ossuary)
  A howler monkey zombie (D:5)
  Robin (D:3)
  8 gnolls
  7 adders
  2 shadow imps
  A white imp (D:6)
  2 ufetubi
  3 worms
  7 dart slugs
  27 orcs
  3 bats
  12 endoplasms
  4 giant cockroaches (D:1)
  26 goblins
  11 hobgoblins
  9 jackals
  A quokka (D:2)
  6 ball pythons
  7 frilled lizards
  A gnoll zombie (Ossuary)
  A goblin zombie (Ossuary)
  A hobgoblin zombie (Ossuary)
  A jackal zombie (Ossuary)
  10 kobolds
  A kobold zombie (Ossuary)
  A quokka zombie (D:4)
  6 rats
  3 rat zombies
240 creatures vanquished.

Notes
Turn   | Place    | Note
-------+----------+-------------------------------------------
     0 | D:1      | qw the Minotaur Hunter began the quest for the Orb.
     0 | D:1      | Reached XP level 1. HP: 18/18 MP: 0/0
     0 | D:1      | 0 ||| qw: Version: 0.2-a-122-gbc61b45
     0 | D:1      | 0 ||| qw: Game counter: 3539
     0 | D:1      | 0 ||| qw: Always use a shield: true
     0 | D:1      | 0 ||| qw: God list: Okawaru
     0 | D:1      | 0 ||| qw: Allow faded altars: false
     0 | D:1      | 0 ||| qw: Do Orc after D:15 true
     0 | D:1      | 0 ||| qw: Do second Lair branch before Depths: true
     0 | D:1      | 0 ||| qw: Lair rune preference: random
     0 | D:1      | 0 ||| qw: Plans: Normal
     0 | D:1      | 0 ||| PLANNING D:1-11
   159 | D:1      | Reached XP level 2. HP: 25/25 MP: 1/1
   235 | D:1      | Reached skill level 5 in Ranged Weapons
   379 | D:1      | Reached skill level 3 in Fighting
   494 | D:1      | Reached XP level 3. HP: 31/31 MP: 2/2
   855 | D:1      | 855 ||| UPGRADING to +0 pair of gloves.
   860 | D:1      | 860 ||| UPGRADING to amulet of regeneration.
   865 | D:1      | 865 ||| DROPPING amulet of magic regeneration.
   866 | D:1      | 866 ||| READING scroll labelled PEYDIQ TAMAO.
   867 | D:1      | 867 ||| READING 4 scrolls labelled FYNIG VELAISE.
   868 | D:1      | 868 ||| READING scroll labelled RYUFIHY CICOUPN.
   869 | D:1      | 869 ||| READING 3 scrolls of identify.
   869 | D:1      | 869 ||| IDENTIFYING dark potion
   870 | D:1      | 870 ||| READING 2 scrolls of identify.
   870 | D:1      | 870 ||| IDENTIFYING sapphire potion
   871 | D:1      | 871 ||| DROPPING scroll of butterflies.
   872 | D:1      | 872 ||| DROPPING potion of attraction.
  1219 | D:2      | Reached XP level 4. HP: 31/38 MP: 3/3
  1238 | D:2      | 1238 ||| SWAPPING to +4 sling of draining.
  1239 | D:2      | 1239 ||| DROPPING +0 shortbow.
  1277 | D:2      | Reached skill level 6 in Ranged Weapons
  1397 | D:2      | Reached skill level 1 in Armour
  1724 | D:2      | 1724 ||| READING scroll labelled FAPTUYBBIKHLO.
  1725 | D:2      | 1725 ||| READING scroll labelled ZATAKLYUKH.
  1726 | D:2      | 1726 ||| READING scroll labelled PIGHOO HUMI.
  1743 | D:2      | 1743 ||| READING scroll labelled GENUOTOSSI.
  1744 | D:2      | 1744 ||| DRINKING 2 emerald potions.
  1745 | D:2      | 1745 ||| READING 2 scrolls of identify.
  1745 | D:2      | 1745 ||| IDENTIFYING sedimented black potion
  1758 | D:3      | Noticed Robin
  1763 | D:3      | 1763 ||| STAIRDANCE
  1773 | D:3      | 1773 ||| STAIRDANCE
  1782 | D:3      | 1782 ||| STAIRDANCE
  1796 | D:3      | Killed Robin
  1917 | D:3      | Reached XP level 5. HP: 46/46 MP: 4/4
  2318 | D:3      | 2318 ||| UPGRADING to +4 ring of slaying {mikee}.
  2319 | D:3      | 2319 ||| READING scroll labelled IPNORU RARPHAHOGROE.
  2322 | D:3      | 2322 ||| READING scroll labelled JUUMMO YMAOWN.
  2353 | D:4      | 2353 ||| PLANNING OSSUARY
  2415 | D:4      | Reached skill level 7 in Ranged Weapons
  2606 | D:4      | Reached XP level 6. HP: 51/52 MP: 5/5
  2751 | D:4      | Found a sand-covered staircase.
  2752 | D:4      | 2752 ||| UPGRADING to +0 ring mail.
  2762 | D:4      | 2762 ||| DROPPING +0 leather armour.
  2763 | D:4      | 2763 ||| READING scroll labelled PYMEFI ZEISKU.
  2775 | Ossuary  | Entered an ossuary
  2799 | Ossuary  | Reached skill level 8 in Ranged Weapons
  2963 | Ossuary  | 2963 ||| READING 3 scrolls labelled ECEIMI MYLUPN.
  2964 | Ossuary  | 2964 ||| DRINKING 2 bubbling sapphire potions.
  2973 | Ossuary  | 2973 ||| DRINKING 3 pink potions.
  3019 | Ossuary  | 3019 ||| READING 2 scrolls of identify.
  3019 | Ossuary  | 3019 ||| IDENTIFYING metallic brown potion
  3020 | Ossuary  | 3020 ||| DROPPING potion of ambrosia.
  3021 | Ossuary  | 3021 ||| DROPPING 2 potions of lignification.
  3022 | Ossuary  | 3022 ||| DROPPING 2 scrolls of blinking.
  3037 | D:4      | 3037 ||| PLANNING D:1-11
  3225 | D:4      | 3225 ||| UPGRADING to +0 pair of boots.
  3266 | D:5      | Entered Level 5 of the Dungeon
  3376 | D:5      | Reached XP level 7. HP: 61/61 MP: 6/6
  3522 | D:5      | Found a staircase to the Ecumenical Temple.
  3523 | D:5      | 3523 ||| PLANNING TEMPLE
  3526 | D:5      | 3526 ||| Stepping ~*~*~tactically~*~*~ (outnumbered).
  3535 | D:5      | Reached skill level 9 in Ranged Weapons
  3549 | D:5      | 3549 ||| UPGRADING to +0 cloak.
  3554 | D:5      | 3554 ||| DRINKING 2 bubbling purple potions.
  3555 | D:5      | 3555 ||| DRINKING 3 blue potions.
  3556 | D:5      | 3556 ||| DROPPING potion of enlightenment.
  3557 | D:5      | 3557 ||| DROPPING 2 potions of brilliance.
  3566 | Temple   | Entered the Ecumenical Temple
  3574 | Temple   | 3574 ||| PLANNING OKAWARU WORSHIP
  3744 | Temple   | Became a worshipper of Warmaster Okawaru
  3744 | Temple   | 3744 ||| PLANNING D:1-11
  3767 | D:5      | Identified the +10 short sword of Governance {pain, Dex+2}
  3962 | D:5      | Reached skill level 3 in Dodging
  4147 | D:5      | 4147 ||| DROPPING +2 sling of electrocution.
  4171 | D:5      | 4171 ||| DRINKING 2 green potions.
  4186 | D:6      | Reached skill level 3 in Armour
  4192 | D:6      | Reached XP level 8. HP: 70/70 MP: 7/7
  4199 | D:6      | Reached skill level 6 in Fighting
  4244 | D:6      | Found Tyunucki's Assorted Antiques.
  4247 | D:6      | 4247 ||| BUYING scroll of teleportation (87 gold).
  4247 | D:6      | Bought a scroll of teleportation for 87 gold pieces
  4247 | D:6      | 4247 ||| BUYING scroll of teleportation (87 gold).
  4247 | D:6      | Bought a scroll of teleportation for 87 gold pieces
  4268 | D:6      | Reached * piety under Okawaru
  4441 | D:6      | Found Putheodgh's Distillery.
  4446 | D:6      | 4446 ||| INVOKING Heroism.
  4450 | D:6      | Noticed Blork the orc
  4458 | D:6      | Killed Blork the orc
  4459 | D:6      | Reached skill level 1 in Invocations
  4468 | D:6      | Reached skill level 10 in Ranged Weapons
  4474 | D:6      | Found Weta's Book Emporium.
  4496 | D:6      | 4496 ||| READING scroll labelled OMUDADDEIN.
  4535 | D:6      | Found Buor's Jewellery Boutique.
  4539 | D:6      | Found Firugaq's Assorted Antiques.
  4546 | D:6      | 4546 ||| SHOPLISTING +4 ring of protection (504 gold, have
                  | 264).
  4546 | D:6      | 4546 ||| SHOPLISTING amulet of faith (560 gold, have 264).
  4546 | D:6      | 4546 ||| SHOPLISTING ring of poison resistance (280 gold,
                  | have 264).
  4546 | D:6      | 4546 ||| SHOPLISTING ring of protection from fire (350
                  | gold, have 264).
  4551 | D:6      | 4551 ||| BUYING longbow (143 gold).
  4551 | D:6      | Bought a longbow for 143 gold pieces
  4551 | D:6      | 4551 ||| BUYING murky brown potion (19 gold).
  4551 | D:6      | Bought a murky brown potion for 19 gold pieces
  4551 | D:6      | 4551 ||| BUYING scroll of identify (44 gold).
  4551 | D:6      | Bought a scroll of identify for 44 gold pieces
  4551 | D:6      | 4551 ||| SWAPPING to +0 longbow.
  4552 | D:6      | 4552 ||| DROPPING +4 sling of draining.
  4724 | D:6      | 4724 ||| READING scroll labelled VETAGI JUEHOW.
  4725 | D:6      | 4725 ||| DRINKING 2 murky brown potions.
  4726 | D:6      | 4726 ||| READING 2 scrolls of identify.
  4726 | D:6      | 4726 ||| IDENTIFYING yellow potion
  4727 | D:6      | 4727 ||| DROPPING potion of degeneration.
  4800 | D:7      | Reached skill level 3 in Invocations
  4901 | D:7      | Found a runed translucent gate.
  4902 | D:7      | Found a runed translucent gate.
  4902 | D:7      | Noticed qw's ghost (novice GrFi)
  4903 | D:7      | Found a runed translucent gate.
  4904 | D:7      | Noticed Menkaure
  4905 | D:7      | 4905 ||| INVOKING Heroism.
  4908 | D:7      | Killed Menkaure
  4913 | D:7      | Reached XP level 9. HP: 79/79 MP: 7/10
  5313 | D:7      | 5313 ||| INVOKING Heroism.
  5466 | D:7      | 5466 ||| READING 4 scrolls of identify.
  5466 | D:7      | 5466 ||| IDENTIFYING inky potion
  5467 | D:7      | 5467 ||| DROPPING potion of invisibility.
  5503 | D:8      | 5503 ||| INVOKING Heroism.
  5524 | D:8      | Reached ** piety under Okawaru
  5525 | D:8      | Reached skill level 11 in Ranged Weapons
  5543 | D:8      | Reached skill level 12 in Ranged Weapons
  5610 | D:8      | Found a snail-covered altar of Cheibriados.
  5646 | D:8      | 5646 ||| INVOKING Heroism.
  5650 | D:8      | HP: 16/81 [killer bee (5)]
  5651 | D:8      | 5651 ||| READING 4 scrolls of teleportation.
  5651 | D:8      | HP: 7/81 [killer bee (6)]
  5652 | D:8      | 5652 ||| DRINKING 3 potions of heal wounds.
  5920 | D:8      | Noticed Psyche
  5921 | D:8      | 5921 ||| INVOKING Heroism.
  5927 | D:8      | Killed Psyche
  5931 | D:8      | Reached XP level 10. HP: 71/88 MP: 10/12
  6033 | D:8      | 6033 ||| UPGRADING to +2 robe of fire resistance.
  6043 | D:8      | 6043 ||| DROPPING +0 ring mail.
  6052 | D:9      | 6052 ||| STAIRDANCE
  6105 | D:9      | 6105 ||| INVOKING Heroism.
  6110 | D:9      | Reached skill level 6 in Dodging
  6125 | D:9      | 6125 ||| Stepping randomly (disturbance).
  6168 | D:9      | 6168 ||| FLEEEEING.
  6174 | D:9      | 6174 ||| FLEEEEING.
  6175 | D:9      | 6175 ||| FLEEEEING.
  6176 | D:9      | 6176 ||| FLEEEEING.
  6177 | D:9      | 6177 ||| FLEEEEING.
  6178 | D:9      | 6178 ||| FLEEEEING.
  6183 | D:9      | 6183 ||| FLEEEEING.
  6184 | D:9      | 6184 ||| FLEEEEING.
  6185 | D:9      | 6185 ||| FLEEEEING.
  6186 | D:9      | 6186 ||| FLEEEEING.
  6231 | D:9      | Reached *** piety under Okawaru
  6262 | D:9      | Noticed a skeletal warrior
  6263 | D:9      | 6263 ||| INVOKING Heroism.
  6276 | D:9      | 6276 ||| UPGRADING to ring of protection from cold.
  6280 | D:9      | HP: 15/88 [skeletal warrior/+0 halberd (26)]
  6281 | D:9      | 6281 ||| READING 3 scrolls of teleportation.
  6281 | D:9      | HP: 5/88 [skeletal warrior/+0 halberd (11)]
  6282 | D:9      | 6282 ||| DRINKING 2 potions of heal wounds.
  6283 | D:9      | 6283 ||| DRINKING potion of heal wounds.
  6339 | D:9      | Noticed a two-headed ogre
  6340 | D:9      | 6340 ||| INVOKING Heroism.
  6343 | D:9      | Killed a two-headed ogre
  6344 | D:9      | Reached skill level 13 in Ranged Weapons
  6413 | D:9      | 6413 ||| INVOKING Heroism.
  6452 | D:9      | 6452 ||| INVOKING Heroism.
  6453 | D:9      | 6453 ||| Stepping ~*~*~tactically~*~*~ (outnumbered).
  6460 | D:9      | 6460 ||| Stepping ~*~*~tactically~*~*~ (outnumbered).
  6460 | D:9      | HP: 21/90 [skeletal warrior/+0 halberd (15)]
  6461 | D:9      | 6461 ||| READING 2 scrolls of teleportation.
  6607 | D:9      | Noticed a manticore
  6608 | D:9      | 6608 ||| INVOKING Heroism.
  6611 | D:9      | Reached skill level 9 in Fighting
  6616 | D:9      | Killed a manticore
  6616 | D:9      | Noticed a white ugly thing
  6622 | D:9      | HP: 12/91 [white ugly thing (13)]
  6623 | D:9      | 6623 ||| READING scroll of teleportation.
  6624 | D:9      | Slain by a white ugly thing

Levels and vault maps discovered:
D:1:      shiori_arrival_elements, layout_loops_corners, minmay_splitting_lines
D:2:      kennysheep_the_goblin_king, layout_loops_corners
D:3:      minmay_chambers_of_threes, layout_rooms, kennysheep_flooded_box,
          uniq_robin
D:4:      layout_gridville, enter_ossuary_4, nicolae_kite_square_tiling_tiny
D:5:      layout_gridville, minmay_temple_entry_proselytizer, serial_undead,
          serial_undead_f, serial_undead_b, serial_undead_e, serial_undead_d
D:6:      layout_rooms, serial_shops, shop, nicolae_shop_behind_doors,
          nicolae_shop_tiny_waterfront, kennysheep_mini, shop,
          nicolae_concentric_dashed_squares_mild, uniq_blork_the_orc
D:7:      layout_basic, biasface_ghost_orc_armoury, uniq_menkaure
D:8:      layout_rooms, marbit_many_paths, serial_bayou_pond_e,
          corexii_leaking_fountain, uniq_psyche
D:9:      layout_cave_pods, grunt_temple_overflow_champion_of_chaos,
          erik_lair_orcish_takeover, minmay_the_grid_2x2
          [minmay_the_grid_all_tris, minmay_the_grid_paths,
          minmay_the_grid_plusring, minmay_the_grid_prize_shrinking_boxes]
Temple:   nicolae_temple_bog_church

Skill      XL: |  1  2  3  4  5  6  7  8  9 10 |
---------------+-------------------------------+-----
Ranged Weapons | 5 6 7 8 9 10 12 13 | 13.8
Fighting       | 3 4 5 7 8 9 |  9.0
Armour         | 1 2 3 4 |  4.7
Dodging        | 3 5 6 |  6.0
Invocations    | 3 4 |  4.0
Stealth        | |  0.7

Action                     |  1- 3 |  4- 6 |  7- 9 | 10-12 || total
---------------------------+-------+-------+-------+-------++-------
   Fire: Shortbow          |   107 |       |       |       ||   107
         Sling             |       |   204 |   108 |       ||   312
         Longbow           |       |       |    95 |   114 ||   209
 Invoke: Heroism           |       |       |     6 |     6 ||    12
    Use: Scroll            |     5 |    10 |     5 |     3 ||    23
         Potion            |       |     3 |     5 |     2 ||    10
 Armour: Leather armour    |     4 |     5 |       |       ||     9
         Ring mail         |       |    58 |    30 |       ||    88
         Robe              |       |       |       |     3 ||     3
  Dodge: Dodged            |    21 |    97 |    67 |    49 ||   234

Table legend:
 A = Non-vault XP
 B = Vault XP
 C = Vault XP percentage of total XP
 D = Non-vault monster count
 E = Vault monster count
 F = Vault count percentage of total count
                 A         B        C        D         E       F
            +---------+---------+-------+---------+---------+-------
      Total |    4941 |    4006 |  44.8 |     172 |      68 |  28.3
            +---------+---------+-------+---------+---------+-------
        D:1 |      52 |       0 |   0.0 |      30 |       0 |   0.0
        D:2 |      80 |      25 |  23.8 |      22 |      13 |  37.1
        D:3 |      62 |      71 |  53.4 |      13 |      18 |  58.1
        D:4 |     168 |       2 |   1.2 |      23 |       2 |   8.0
        D:5 |     200 |     330 |  62.3 |      14 |       6 |  30.0
        D:6 |     943 |      90 |   8.7 |      15 |       1 |   6.2
        D:7 |     653 |     172 |  20.8 |       7 |       1 |  12.5
        D:8 |    2381 |     394 |  14.2 |      33 |       2 |   5.7
        D:9 |     402 |    2696 |  87.0 |      15 |       9 |  37.5
    Ossuary |       0 |     226 | 100.0 |       0 |      16 | 100.0
            +---------+---------+-------+---------+---------+-------
